AoeStats
← º CAIKE

Nomad

509482070Analyzed
2v2 RM · 6d ago on Sep 26, 2026· 30m 6s· 4 players
Game mode
Random Map
Map size
176×176
Population
200
Speed
Normal
Resources
Standard
Victory
Conquest
Starting age
Dark Age
Ending age
Imperial Age
RankedLock teamsTeams togetherTeam positionsShared explorationLock speedFull tech treeHidden civsTurbo modeCheats
Victory
Defeat
🇻🇪 Cumans · Venezuela
1079
+13
🇨🇱 Spanish · Chile
1019
+16
🇹🇷 Persians · Türkiye
1032
-15
🇹🇷 Ethiopians · Türkiye
1007
-14
º CAIKE
10:57 Loom
13:13 Feudal Age
16:00 Forging
20:33 Bloodlines
20:27 Fishing Lines
26:05 Castle Age
gitPushOriginMaster
4:59 Loom
5:59 Loom
15:45 Feudal Age
15:48 Man-at-Arms
16:23 Arson
16:32 Gold Mining
18:37 Fishing Lines
20:03 Town Watch
23:05 Wheelbarrow
23:16 Double-Bit Axe
23:40 Scale Barding Armor
23:35 Stone Mining
25:54 Castle Age
25:07 Bloodlines
25:52 Forging
28:09 Iron Casting
28:11 Chain Barding Armor
veyspit
5:11 Loom
15:08 Feudal Age
19:39 Fletching
19:51 Padded Archer Armor
22:30 Castle Age
20:27 Double-Bit Axe
22:41 Crossbowman
Feyyy
8:18 Loom
13:03 Feudal Age
16:20 Double-Bit Axe
16:16 Horse Collar
21:07 Gold Mining
25:28 Castle Age
25:00 Scale Barding Armor
Connection lost

Rejoining the realm…

Still unreachable

The connection could not be restored.

Session expired

The server has moved on; the page needs a fresh start.